 Dungeon Crawl Stone Soup version 0.23-a0-395-gcf17ac6 (webtiles) character file.

189 CrossKnight the Slasher (level 6, -2/48 HPs)
             Began as a Human Berserker on Nov 1, 2018.
             Was a Priest of Trog.
             Slain by an orc wizard
             ... wielding a +0 dagger
              (4 damage)
             ... on level 3 of the Dungeon.
             The game lasted 00:14:43 (3565 turns).

CrossKnight the Slasher (Human Berserker)           Turns: 3565, Time: 00:14:43

Health: -2/48      AC:  4    Str: 20    XL:     6   Next: 0%
Magic:  6/6        EV: 12    Int:  7    God:    Trog [***...]
Gold:   102        SH:  0    Dex: 12    Spells: 5/5 levels left

rFire    . . .     SeeInvis .   f - +0 hand axe (chop)
rCold    . . .     Gourm    .   (no shield)
rNeg     . . .     Faith    .   r - +0 leather armour (curse)
rPois    .         Spirit   .   (no helmet)
rElec    .         Reflect  .   (no cloak)
rCorr    .         Harm     .   (no gloves)
MR       .....                  q - +0 pair of boots
Stlth    +.........             (no amulet)
HPRegen  0.16/turn              (no ring)
MPRegen  0.10/turn              (no ring)

@: confused, very slow
A: no striking features
a: Berserk, Trog's Hand, Renounce Religion


You were on level 3 of the Dungeon.
You worshipped Trog.
Trog was most pleased with you.
You were not hungry.

You visited 1 branch of the dungeon, and saw 3 of its levels.

You collected 102 gold pieces.

Inventory:

Hand Weapons
 a - a +0 falchion
 f - a +0 hand axe of chopping (weapon)
Armour
 b - a +0 animal skin
 i - a +0 ring mail
 m - a +0 scale mail
 q - a +0 pair of boots (worn)
 r - a cursed +0 leather armour (worn)
Scrolls
 e - a scroll of teleportation {unknown}
 h - a scroll of amnesia {unknown}
 j - 2 scrolls of identify {unknown}
 k - a scroll of immolation {unknown}
 n - 2 scrolls of remove curse {unknown}
 p - a scroll of enchant weapon {unknown}
Potions
 d - a potion of curing {unknown}
 g - a potion of might {unknown}
 l - a potion of magic {unknown}
 o - a potion of ambrosia {unknown}
Comestibles
 c - a ration


   Skills:
 + Level 3.7 Fighting
 + Level 3.8 Long Blades
 + Level 2.3 Axes
 + Level 3.0 Armour
 + Level 2.8 Dodging
 + Level 0.9 Stealth


You had 5 spell levels left.
You didn't know any spells.
Your spell library was empty.

Dungeon Overview and Level Annotations

Branches:
Dungeon (3/15)

Altars:


Message History

You hear some strange, mumbled words.
You are confused.
There is a collapsed entrance here.
You enter the shallow water.
Moving in this stuff is going to be slow.
You hear some strange, mumbled words.
A magic dart appears from out of thin air!
The magic dart hits you!
* * * LOW HITPOINT WARNING * * *
Something hits you but does no damage.
You're too confused to move!
You hear some strange, mumbled words.
A puff of flame appears from out of thin air!
The puff of flame hits you!
* * * LOW HITPOINT WARNING * * *
You feel less confused.
You hear some strange, mumbled words.
You are confused.
You miss something. Something hits you.
You die...

#.....#
#..)..##################
#.#>.........)..........
#.#'##############....##
#.....# ##### #.##.##
#..#######..... ....#.##
#..#.≈≈≈≈..........g#.##
#..#≈≈≈≈...########.#.##
#..#≈≈{@....... .#.##
#..#≈≈......### ##.##
#..#†)†.....<.. ....
#...).......... #.##
#.........#.#########
#.#######.#......... #.#
#.....#.......###### #.#
#.....#[...........#
........#
#.....#............#


There were no monsters in sight!

Vanquished Creatures
  An orc wizard (D:3)
  5 adders
  4 worms
  3 dart slugs
  7 leopard geckos
  4 orcs (D:3)
  2 ball pythons
  3 giant cockroaches
  8 goblins
  7 hobgoblins
  11 jackals
  A quokka (D:3)
  9 bats
  5 frilled lizards
  6 kobolds
  11 rats
87 creatures vanquished.

Notes
Turn   | Place    | Note
-------+----------+-------------------------------------------
     0 | D:1      | CrossKnight the Human Berserker began the quest for the
                  | Orb.
     0 | D:1      | Reached XP level 1. HP: 18/18 MP: 1/1
   129 | D:1      | Reached XP level 2. HP: 19/24 MP: 2/2
   512 | D:1      | Reached XP level 3. HP: 28/29 MP: 3/3
  1057 | D:2      | Reached ** piety under Trog
  1108 | D:2      | Reached XP level 4. HP: 14/35 MP: 4/4
  1450 | D:2      | Reached skill level 1 in Axes
  2501 | D:2      | Reached XP level 5. HP: 29/41 MP: 5/5
  3061 | D:3      | HP: 2/42 [orc/+0 morningstar (9)]
  3544 | D:3      | Reached *** piety under Trog
  3552 | D:3      | Reached XP level 6. HP: 15/48 MP: 6/6
  3562 | D:3      | HP: 2/48 [something/puff of flame (8)]
  3565 | D:3      | Slain by an orc wizard

Vault maps used:
D:1:      co_arrival_random_square_maze, chequers_serial_rivers_micro_a,
          hangedman_decor_growths, minmay_split_cup_small
D:3:      portal_sewer_entry_b

Skill      XL: |  1  2  3  4  5 |
---------------+----------------+-----
Axes           | 1 2 |  2.3
Armour         | 3 |  3.0
Fighting       | |  3.7
Long Blades    | |  3.8
Dodging        | |  2.8
Stealth        | |  0.9

Action                   |  1- 3 |  4- 6 || total
-------------------------+-------+-------++-------
Melee: Falchion          |    37 |       ||    37
       Hand axe          |    55 |   147 ||   202
  Eat: Ration            |       |     3 ||     3
Armor: Animal skin       |    12 |       ||    12
       Ring mail         |    27 |    15 ||    42
       Scale mail        |       |    60 ||    60
       Leather armour    |       |     8 ||     8
Dodge: Dodged            |    88 |   137 ||   225
       Rpst.: Falchion   |     7 |       ||     7

Table legend:
 A = Non-vault XP
 B = Vault XP
 C = Vault XP percentage of total XP
 D = Non-vault monster count
 E = Vault monster count
 F = Vault count percentage of total count
                 A         B        C        D         E       F
            +---------+---------+-------+---------+---------+-------
      Total |     262 |       9 |   3.3 |      83 |       4 |   4.6
            +---------+---------+-------+---------+---------+-------
        D:1 |      43 |       8 |  15.7 |      25 |       3 |  10.7
        D:2 |      89 |       0 |   0.0 |      27 |       0 |   0.0
        D:3 |     130 |       1 |   0.8 |      31 |       1 |   3.1
            +---------+---------+-------+---------+---------+-------
